 Dungeon Sprint DCSS version 0.21.1-1-g345015f (webtiles) character file.

18004 wilfster70 the Unseen (level 12, 0/70 HPs)
             Began as a Spriggan Enchanter on Feb 23, 2018.
             Was the Champion of Dithmenos.
             Engulfed by a cloud of steam (5 damage)
             ... in the Dungeon (Sprint I: "Red Sonja").
             The game lasted 00:16:07 (1441 turns).

wilfster70 the Unseen (Spriggan Enchanter)          Turns: 1441, Time: 00:16:08

Health: 0/70       AC: 10    Str:  4    XL:     12   Next: 23%
Magic:  29/29      EV: 28    Int: 21    God:    Dithmenos [******]
Gold:   731        SH:  9    Dex: 17    Spells: 24/36 levels left

rFire    . . .     SeeInvis +   a - +3 dagger
rCold    . . .     Gourm    .   q - +1 buckler {AC+3}
rNeg     . . .     Faith    .   r - +2 robe {MR+}
rPois    .         Spirit   .   (helmet restricted)
rElec    .         Reflect  .   p - +2 cloak
rCorr    .         Harm     .   (gloves unavailable)
MR       +++..     NoTele   +   (boots unavailable)
Stlth    ++++++++++             (no amulet)
HPRegen  0.21/turn              (no ring)
MPRegen  0.21/turn              (no ring)

@: very slightly contaminated, wreathed by umbra, very quick
A: very small, unfitting armour, see invisible, herbivore, speed 3, slow
metabolism 2
a: Shadow Step, Shadow Form, Renounce Religion


You were in the Dungeon.
You worshipped Dithmenos.
Dithmenos was exalted by your worship.
You were not hungry.

You visited 1 branch You collected 1437 gold pieces.
You spent 706 gold pieces at shops.

Inventory:

Hand Weapons
 a - a +3 dagger (weapon)
Armour
 p - a +2 cloak (worn)
 q - a +1 buckler of protection (worn)
 r - a +2 robe of magic resistance (worn)
Scrolls
 b - a scroll of random uselessness {unknown}
 c - 2 scrolls of identify {unknown}
 j - a scroll of blinking
 m - 4 scrolls of immolation {unknown}
 n - a scroll of magic mapping {unknown}
 o - a scroll of silence {unknown}
Potions
 e - 2 potions of curing
 f - a potion of heal wounds
 g - 2 potions of haste
 h - 2 potions of magic
Comestibles
 d - 8 rations


   Skills:
 + Level 11.5 Fighting
 - Level 12.2 Short Blades
 + Level 12.7 Dodging
 - Level 16.8 Stealth
 - Level 7.2 Shields
 - Level 12.8 Spellcasting
 - Level 13.6 Hexes
 - Level 8.1 Ice Magic
 - Level 10.2 Invocations


You had 24 spell levels left.
You knew the following spells:

 Your Spells              Type           Power        Failure   Level  Hunger
a - Corona                Hex            ######.      1%          1    None
b - Ensorcelled Hibernat  Hex/Ice        ######       1%          2    None
c - Confuse               Hex            ######..     1%          3    None
d - Tukima's Dance        Hex            ######..     1%          3    None
e - Dazzling Spray        Conj/Hex       #####.       1%          3    None


Dungeon Overview and Level Annotations

Branches:
Dungeon (1/1)

Altars:
Cheibriados
Dithmenos
Elyvilon
Fedhas
Gozag
Hepliaklqana
Kikubaaqudgha
Makhleb
Nemelex Xobeh
Okawaru
Qazlal
Ru
Sif Muna
Trog
Uskayaw
Vehumet
Wu Jian
Xom
Yredelemnul
Zin
The Shining One
Jiyva
Lugonu

Shops:
D }%(}[[(?![:(*}?[*

Annotations:
D Tiamat


Innate Abilities, Weirdness & Mutations

You are very small and have problems with some larger weapons.
You are too small for most types of armour.
You have supernaturally acute eyesight. (SInv)
You are a herbivore.
You cover ground extremely quickly.
You need consume almost no food.


Message History

j - 2 scrolls of blinking (gained 1)
There are no items here.
You start resting.
You are engulfed in a cloud of scalding steam.
You're standing in a cloud of steam!
You open the door.
A shadow dragon and a golden dragon come into view.
You are engulfed in a cloud of scalding steam.
* * * LOW HITPOINT WARNING * * *
Blink to where?
Press: ? - help, Dir - move target cursor You are very lightly contaminated with residual magic.
As you read the scroll of blinking, it crumbles to dust.
You are engulfed in a cloud of scalding steam.
* * * LOW HITPOINT WARNING * * *
You are engulfed in a cloud of scalding steam.
* * * LOW HITPOINT WARNING * * *
You see here 27 gold pieces.
You are engulfed in a cloud of scalding steam.
You die...

#####################
.§§.§§§§.§§.#^§§§§§§#
###§§§§§##§.'^§#@§§§##
##§.§#######'#§§§§§#
###+# ?(##..#§§§§§#
#§##$$$#..##§§§§#
#§§###$#..≈###§##
##§#A#$#..≈ #§#
#§§###$#.4≈e #§#
#§##..$#..≈# §.§
#..#+### §§.§.


There were no monsters in sight!

Vanquished Creatures
  4 fire giants (D)
  2 centaur warriors (D)
  A hydra (D)
  Sonja (D)
  A deep troll (D)
  7 unseen horrors (D)
  A lindwurm (D)
  An oklob plant (D)
  4 demonic crawlers (D)
  2 kobold demonologists (D)
  A hornet (D)
  A slime creature (D)
  2 redbacks (D)
  Sigmund (D)
  A yak (D)
  13 hogs (D)
  3 floating eyes (D)
  An ogre (D)
  7 necrophages (D)
  8 jellies (D)
  Ijyb (D)
63 creatures vanquished.

Vanquished Creatures (others)
  A merfolk siren (D)
  A gargoyle (D)
  3 hornets (D)
5 creatures vanquished.

Grand Total: 68 creatures vanquished

Notes
Turn   | Place    | Note
-------+----------+-------------------------------------------
     0 | D        | wilfster70 the Spriggan Enchanter began the quest for the Orb.
     0 | D        | Reached XP level 1. HP: 9/9 MP: 5/5
     1 | D        | Noticed Ijyb
    11 | D        | Killed Ijyb
    11 | D        | Reached skill level 5 in Stealth
    11 | D        | Reached XP level 2. HP: 13/13 MP: 6/8
    19 | D        | Learned a level 2 spell: Ensorcelled Hibernation
    51 | D        | Noticed an ogre
    54 | D        | Killed an ogre
    54 | D        | Reached skill level 7 in Stealth
    54 | D        | Reached skill level 5 in Spellcasting
    54 | D        | Reached XP level 3. HP: 16/16 MP: 9/11
    54 | D        | Reached XP level 4. HP: 21/21 MP: 9/12
    80 | D        | Noticed Sigmund
    88 | D        | Killed Sigmund
    88 | D        | Reached skill level 9 in Stealth
    88 | D        | Reached XP level 5. HP: 11/24 MP: 0/15
   264 | D        | Found a deep blue altar of Sif Muna.
   265 | D        | Found an ornate altar of the Wu Jian Council.
   266 | D        | Found a radiant altar of Vehumet.
   270 | D        | Reached XP level 6. HP: 28/28 MP: 14/17
   275 | D        | Learned a level 3 spell: Confuse
   279 | D        | Learned a level 3 spell: Tukima's Dance
   283 | D        | Learned a level 3 spell: Dazzling Spray
   304 | D        | Found Evevvire's Food Emporium.
   304 | D        | Found an ancient bone altar of Kikubaaqudgha.
   304 | D        | Found a hazy altar of Hepliaklqana.
   304 | D        | Found a hide-covered altar of Uskayaw.
   304 | D        | Found a basalt altar of Yredelemnul.
   304 | D        | Found an opulent altar of Gozag.
   304 | D        | Found a snail-covered altar of Cheibriados.
   304 | D        | Found a sacrificial altar of Ru.
   304 | D        | Found a shadowy altar of Dithmenos.
   304 | D        | Noticed a yak
   305 | D        | Found a stormy altar of Qazlal.
   305 | D        | Found a blossoming altar of Fedhas.
   305 | D        | Found a bloodstained altar of Trog.
   305 | D        | Found an iron altar of Okawaru.
   305 | D        | Found a glowing golden altar of the Shining One.
   305 | D        | Found a glowing silver altar of Zin.
   305 | D        | Found a white marble altar of Elyvilon.
   306 | D        | Killed a yak
   306 | D        | Reached skill level 10 in Stealth
   307 | D        | Found a sparkling altar of Nemelex Xobeh.
   313 | D        | Became a worshipper of Dithmenos the Shadowed
   332 | D        | Noticed Sonja
   336 | D        | Killed Sonja
   336 | D        | Reached skill level 12 in Stealth
   336 | D        | Reached skill level 10 in Hexes
   336 | D        | Reached XP level 7. HP: 32/32 MP: 19/21
   351 | D        | Found Yzijiof's Gadget Boutique.
   371 | D        | Noticed a deep troll
   375 | D        | Killed a deep troll
   375 | D        | Reached skill level 13 in Stealth
   375 | D        | Reached skill level 10 in Spellcasting
   375 | D        | Reached XP level 8. HP: 36/36 MP: 21/23
   381 | D        | Found Ugudus's Armour Emporium.
   389 | D        | Bought a +0 cloak for 58 gold pieces
   389 | D        | Bought a +0 buckler for 58 gold pieces
   418 | D        | Noticed a centaur warrior
   420 | D        | Noticed a centaur warrior
   422 | D        | Killed a centaur warrior
   422 | D        | Reached * piety under Dithmenos
   422 | D        | Reached skill level 10 in Short Blades
   422 | D        | Reached skill level 14 in Stealth
   422 | D        | Reached XP level 9. HP: 39/39 MP: 23/25
   426 | D        | Killed a centaur warrior
   426 | D        | Reached skill level 15 in Stealth
   589 | D        | Noticed an oklob plant
   591 | D        | Killed an oklob plant
   591 | D        | Reached ** piety under Dithmenos
   591 | D        | Reached skill level 1 in Fighting
   629 | D        | Noticed an unseen horror
   629 | D        | Noticed an unseen horror
   632 | D        | Killed an unseen horror
   632 | D        | Reached *** piety under Dithmenos
   632 | D        | Reached skill level 16 in Stealth
   632 | D        | Reached XP level 10. HP: 49/49 MP: 24/27
   637 | D        | Killed an unseen horror
   665 | D        | Reached **** piety under Dithmenos
   752 | D        | Reached ***** piety under Dithmenos
   776 | D        | Found Litaom's Gadget Shoppe.
   776 | D        | Found Vuup's Antique Weapon Shop.
   776 | D        | Found Pika's Armour Boutique.
   778 | D        | Found Wittemu's Antique Armour Emporium.
   778 | D        | Found Zetila's Weapon Shop.
   778 | D        | Found Jetaogoq's Magic Scroll Shoppe.
   778 | D        | Found Puzumm's Distillery.
   778 | D        | Found Xecuag's Armour Emporium.
   778 | D        | Found Ruvvin's Book Shop.
   778 | D        | Found Emicauh's Antique Weapon Shoppe.
   782 | D        | Found Jupnise's Assorted Antiques.
   783 | D        | Found Cebusis's Magic Scroll Emporium.
   783 | D        | Found Suroebam's Gadget Boutique.
   784 | D        | Found Ykkiurepu's General Store.
   803 | D        | Bought a +2 cloak for 165 gold pieces
   803 | D        | Bought a +1 buckler of protection for 165 gold pieces
   820 | D        | Bought a runed robe for 96 gold pieces
   842 | D        | Bought a scroll of enchant weapon for 82 gold pieces
   842 | D        | Bought a scroll of enchant weapon for 82 gold pieces
   879 | D        | Found a burning altar of Makhleb.
   879 | D        | Found a viscous altar of Jiyva.
   879 | D        | Found a shimmering altar of Xom.
   879 | D        | Found a corrupted altar of Lugonu.
   898 | D        | Reached ****** piety under Dithmenos
   914 | D        | Reached skill level 5 in Shields
  1037 | D        | Noticed a lindwurm
  1040 | D        | Killed a lindwurm
  1040 | D        | Reached XP level 11. HP: 54/54 MP: 28/28
  1061 | D        | Reached skill level 5 in Fighting
  1080 | D        | Reached skill level 5 in Invocations
  1194 | D        | Noticed a 12-headed hydra
  1196 | D        | Killed a 12-headed hydra
  1213 | D        | Noticed a deep elf annihilator
  1241 | D        | Noticed a daeva
  1244 | D        | Noticed an unseen horror
  1244 | D        | Noticed an unseen horror
  1244 | D        | Noticed an unseen horror
  1245 | D        | Noticed an unseen horror
  1247 | D        | Killed an unseen horror
  1248 | D        | Noticed an unseen horror
  1249 | D        | Killed an unseen horror
  1250 | D        | Killed an unseen horror
  1252 | D        | Killed an unseen horror
  1256 | D        | Killed an unseen horror
  1256 | D        | Reached skill level 10 in Invocations
  1325 | D        | Noticed a fire giant
  1328 | D        | Noticed a fire giant
  1329 | D        | Noticed a fire giant
  1329 | D        | Noticed a fire giant
  1330 | D        | Killed a fire giant
  1330 | D        | Reached skill level 10 in Fighting
  1332 | D        | Killed a fire giant
  1332 | D        | Reached skill level 10 in Dodging
  1332 | D        | Reached XP level 12. HP: 69/69 MP: 20/29
  1333 | D        | Killed a fire giant
  1335 | D        | Killed a fire giant
  1341 | D        | Noticed Tiamat
  1438 | D        | Noticed a shadow dragon
  1438 | D        | Noticed a golden dragon
  1441 | D        | Engulfed by a cloud of steam

Skill      XL: |  1  2  3  4  5  6  7  8  9 10 11 12 |
---------------+-------------------------------------+-----
Short Blades   | 2 4 6 8 9 10 11 12 | 12.2
Dodging        | 4 10 12 | 12.7
Stealth        | 5 7 9 12 13 14 16 | 16.8
Spellcasting   | 4 5 7 9 10 11 12 | 12.8
Hexes          | 4 6 7 10 11 13 | 13.6
Ice Magic      | 2 3 4 6 7 8 |  8.1
Fighting       | 3 4 10 11 | 11.5
Invocations    | 4 10 | 10.2
Shields        | 7 |  7.2

Action                   |  1- 3 |  4- 6 |  7- 9 | 10-12 || total
-------------------------+-------+-------+-------+-------++-------
Melee: Dagger            |     8 |     4 |     9 |    73 ||    94
 Cast: Ensorcelled Hiber |       |     7 |     3 |    19 ||    29
       Confuse           |       |       |       |     7 ||     7
Invok: Shadow Step       |       |       |       |     2 ||     2
  Use: Potion            |     1 |       |       |       ||     1
       Scroll            |       |       |       |     3 ||     3
 Stab: Sleeping          |     1 |     4 |     9 |    46 ||    60
       Confused          |       |       |       |     3 ||     3
Armor: Robe              |     1 |       |       |    11 ||    12
Dodge: Dodged            |     3 |     4 |     1 |    34 ||    42
